 Dungeon Crawl Stone Soup version 0.18.1-8-gdd0e5ea (webtiles) character file.

268 Liquid the Shooter (level 6, -5/42 HPs)
             Began as a High Elf Hunter on June 8, 2016.
             Slain by a gnoll
             ... wielding a +0 halberd
              (15 damage)
             ... on level 2 of the Dungeon.
             The game lasted 00:05:38 (1529 turns).

Liquid the Shooter (High Elf Hunter)                Turns: 1529, Time: 00:05:39

Health: -5/42      AC:  3    Str: 11    XL:     6   Next: 0%
Magic:  7/7        EV: 14    Int: 16    God:
Gold:   112        SH:  0    Dex: 17    Spells: 0 memorised, 5 levels left

rFire  . . .     SeeInvis .     g - +1 hand axe (chop)
rCold  . . .     Gourm    .     c - +0 leather armour
rNeg   . . .     Faith    .     (no shield)
rPois  .         Spirit   .     (no helmet)
rElec  .         Dismiss  .     (no cloak)
rCorr  .         Reflect  .     (no gloves)
SustAt .         Harm     .     (no boots)
MR     .....                    m - amulet of regeneration
Stlth  ++........               (no ring)
                                (no ring)

@: not resistant to hostile enchantments, unstealthy
A: no striking features
a: no special abilities


You were on level 2 of the Dungeon.
You were not hungry.

You visited 1 branch of the dungeon, and saw 2 of its levels.

You collected 112 gold pieces.

Inventory:

Hand Weapons
 a - a +1 shortbow
 b - a +0 short sword
 g - a +1 hand axe of chopping (weapon)
Missiles
 q - 14 arrows
Armour
 c - a +0 leather armour (worn)
Jewellery
 m - an amulet of regeneration (around neck)
 n - a +3 amulet of reflection {unknown}
Scrolls
 e - a scroll of enchant weapon {unknown}
 h - 2 scrolls of magic mapping {unknown}
 i - 2 scrolls of immolation {unknown}
 o - 2 scrolls of fear {unknown}
 p - a scroll of teleportation {unknown}
 u - a scroll of enchant armour {unknown}
Potions
 j - a potion of flight {unknown}
 k - a potion of haste {unknown}
 l - a potion of lignification {unknown}
 r - a potion of resistance {unknown}
 s - a potion of brilliance {unknown}
 t - a potion of agility {unknown}
Comestibles
 d - a chunk of flesh
 f - a bread ration


   Skills:
 + Level 3.2 Fighting
 * Level 7.2 Bows
 + Level 3.9 Dodging
 + Level 3.1 Stealth


You had 5 spell levels left.
You didn't know any spells.

Dungeon Overview and Level Annotations

Branches:
Dungeon (2/15)

Altars:


Message History

You see here a chain mail.
A gnoll comes into view. It is wielding a club.
The gnoll moves out of view. 2 gnolls come into view.
A gnoll comes into view.
The gnoll shouts! x2
There is a stone staircase leading down here.
The gnoll shouts! x2
The gnoll closely misses you. x2
The gnoll hits you but does no damage. The gnoll hits you with a spear.
The gnoll hits you with a halberd!
You hit the gnoll.
The gnoll is severely wounded.
You hit the gnoll.
The gnoll is lightly wounded.
You barely miss the gnoll. The gnoll hits you with a club.
The gnoll hits you with a spear!
* * * LOW HITPOINT WARNING * * *
The gnoll hits you with a halberd!
You die...

#.# #..# #.# #..# #.#
#.<# #.######### #..#
#.........# ####..#
#..###.#..# #.....#
#..##.###.## ##.###.#
#..#[####..######g..##.#
#...###.......>.@gg....#
.........#)..####g..####
#####........#####.##
######.#.###^...>..#
.....)...#...########
########.#.#.........
#...########## #####


You could see 4 gnolls.

Vanquished Creatures
  Sigmund (D:2)
  Ijyb (D:2)
  Terence (D:1)
  An adder (D:2)
  A dart slug (D:1)
  A giant gecko (D:1)
  3 bats
  4 giant cockroaches
  6 goblins
  5 hobgoblins
  4 jackals (D:2)
  7 kobolds
  A quokka (D:2)
  4 giant newts
  4 rats
44 creatures vanquished.

Notes
Turn   | Place    | Note
--------------------------------------------------------------
     0 | D:1      | Liquid the High Elf Hunter began the quest for the Orb.
     0 | D:1      | Reached XP level 1. HP: 14/14 MP: 2/2
   192 | D:1      | Reached XP level 2. HP: 19/19 MP: 3/3
   512 | D:1      | Reached XP level 3. HP: 25/25 MP: 4/4
   626 | D:2      | Noticed Terence
   851 | D:1      | Killed Terence
   851 | D:1      | Reached skill level 6 in Bows
   904 | D:2      | Noticed Ijyb
   939 | D:2      | Killed Ijyb
   939 | D:2      | Reached XP level 4. HP: 25/30 MP: 5/5
  1104 | D:2      | Noticed Sigmund
  1136 | D:2      | Killed Sigmund
  1136 | D:2      | Reached skill level 7 in Bows
  1136 | D:2      | Reached XP level 5. HP: 24/36 MP: 6/6
  1221 | D:2      | Reached XP level 6. HP: 42/42 MP: 7/7
  1529 | D:2      | Slain by a gnoll

Skill      XL: |  1  2  3  4 |
---------------+-------------+-----
Bows           | 6 7 |  7.2
Dodging        | 3 |  3.9
Stealth        | 2 3 |  3.1
Fighting       | 3 |  3.2

Action                   |  1- 3 |  4- 6 || total
-------------------------+-------+-------++-------
Melee: Short sword       |    55 |       ||    55
       Hand axe          |    34 |    46 ||    80
 Fire: Shortbow          |    70 |     7 ||    77
 Stab: Sleeping          |     1 |     2 ||     3
  Eat: Chunk             |       |     2 ||     2
Armor: Leather armour    |    18 |     6 ||    24
Dodge: Dodged            |    57 |    38 ||    95
